Map: Orbital Shipyard

Players

Nerchio

  • Race: Zerg Zerg
  • League: Grandmaster

ShoWTimE - Winner!

  • Race: Protoss Protoss
  • League: Master

Event: Homestory Cup XII

VOD

Have the link to the VOD?

Description

Time

  • Played on: Dec. 19, 2015, 8:34 a.m.
  • Length: 15:11

All games in this series

Show
View Real Time Build Order
Export as new Build Order

Nerchio Zerg 

Build Orders: Hatch First, Lurkers 

Get SALT Encoding   

  12  0:01  Drone  
  13  0:12  Overlord  
  13  0:17  Drone  
  14  0:30  Drone x2  
  14  0:34  Drone  
  17  0:51  Hatchery  
  17  0:55  Drone  
  17  0:57  Drone  
  18  1:11  Spawning Pool  
  18  1:14  Drone  
  18  1:17  Drone  
  19  1:28  Drone  
  20  1:40  Hatchery  
  20  1:45  Drone  
  20  1:58  Queen  
  22  2:03  Zergling x2  
  22  2:05  Queen  
  22  2:08  Drone  
  26  2:12  Drone  
  27  2:16  Overlord  
  27  2:19  Drone  
  28  2:34  Drone x3  
  28  2:35  Drone  
  32  2:37  Queen  
  32  2:43  Drone  
  35  2:47  Drone  
  36  2:52  Queen  
  36  2:57  Overlord  
  38  2:58  Drone  
  38  2:59  Drone  
  38  3:02  Extractor  
  38  3:03  Extractor  
  38  3:04  Drone x2  
  40  3:09  Drone x2  
  42  3:16  Overlord, Drone  
  42  3:17  Drone x2  
  45  3:20  Drone  
  45  3:22  Drone  
  45  3:23  Drone  
  48  3:27  Overlord  
  48  3:34  Roach Warren  
  48  3:35  Drone  
  48  3:37  Drone  
  48  3:39  Drone  
  48  3:40  Drone  
  51  3:45  Overlord, Extractor  
  50  3:48  Pneumatized Carapace  
  50  3:52  Drone x2  
  51  3:56  Drone x3  
  51  4:02  Overlord x2  
  54  4:06  Zergling x4  
  54  4:07  Zergling x2  
  57  4:14  Drone x4  
  61  4:17  Evolution Chamber  
  61  4:21  Zergling x4  
  61  4:22  Zergling x2  
  62  4:33  Drone  
  62  4:34  Drone x5  
  65  4:40  Drone  
  65  4:41  Metabolic Boost, Drone x2  
  65  4:42  Evolution Chamber  
  65  4:45  Drone x3, Spore Crawler  
  69  4:47  Drone  
  69  4:48  Drone  
  69  4:51  Spore Crawler  
  70  4:56  Drone x2, Spore Crawler  
  70  4:57  Drone  
  70  4:58  Drone  
  70  4:59  Drone  
  74  5:02  Zerg Melee Weapons Level 1  
  74  5:04  Overlord  
  74  5:06  Overlord  
  74  5:10  Overlord  
  74  5:17  Spore Crawler  
  71  5:22  Overlord  
  71  5:23  Extractor  
  71  5:25  Lair  
  71  5:27  Drone x8  
  78  5:29  Drone x2  
  80  5:43  Hatchery  
  80  5:45  Roach  
  80  5:46  Roach x4  
  80  5:47  Roach  
  80  5:49  Roach  
  90  5:52  Drone x3  
  91  6:02  Extractor x2  
  89  6:04  Drone x7  
  89  6:06  Zerg Ground Armor Level 1  
  89  6:08  Overlord  
  96  6:19  Drone x3  
  96  6:21  Spore Crawler  
  98  6:28  Drone x2  
  98  6:29  Hydralisk Den, Overseer  
  98  6:33  Infestation Pit  
  98  6:34  Overlord  
  98  6:35  Overlord  
  98  6:37  Drone x2, Overlord  
  98  6:38  Overlord  
  98  6:40  Glial Reconstitution  
  98  6:52  Roach x4  
  98  6:53  Roach x4  
  98  6:54  Spore Crawler, Roach  
  114  6:56  Spore Crawler  
  114  6:57  Roach  
  114  6:58  Roach  
  117  7:04  Zerg Melee Weapons Level 2  
  117  7:06  Overlord  
  117  7:07  Overlord  
  117  7:09  Spore Crawler  
  118  7:15  Roach  
  118  7:16  Roach x5  
  118  7:18  Roach  
  118  7:22  Roach  
  134  7:23  Roach  
  134  7:28  Ravager  
  134  7:29  Ravager  
  138  7:30  Roach x4  
  138  7:31  Roach  
  138  7:33  Roach  
  138  7:36  Roach  
  150  7:38  Overlord  
  150  7:40  Overlord  
  150  7:42  Overlord, Spore Crawler  
  149  7:44  Overlord  
  149  7:47  Overlord  
  149  7:52  Spore Crawler  
  148  7:59  Hive  
  148  8:00  Muscular Augments  
  148  8:01  Hydralisk  
  148  8:02  Hydralisk  
  148  8:04  Hydralisk  
  154  8:09  Drone x3  
  157  8:14  Infestor x2  
  157  8:17  Hydralisk  
  157  8:18  Hydralisk  
  165  8:23  Drone x4  
  165  8:26  Drone  
  166  8:27  Drone x2  
  167  8:37  Extractor  
  166  8:42  Hydralisk x6  
  166  8:45  Extractor  
  177  8:51  Roach x5  
  187  8:55  Spine Crawler  
  187  9:02  Extractor  
  183  9:15  Spire  
  181  9:18  Drone x3  
  181  9:19  Zerg Ground Armor Level 2  
  181  9:20  Lurker Den  
  182  9:25  Zergling x2  
  182  9:26  Zergling x22  
  182  9:29  Overlord  
  186  9:33  Zergling x2  
  186  9:34  Zergling x6  
  188  9:41  Zergling x2  
  188  9:42  Zergling x8  
  188  9:45  Zergling x4  
  187  9:49  Zergling x6  
  190  9:53  Zergling x4  
  190  9:58  Zergling x2  
  190  9:59  Zergling x2  
  194  10:02  Zergling x4  
  194  10:03  Ultralisk Cavern  
  194  10:04  Zergling x6  
  194  10:07  Zergling x6  
  195  10:11  Zergling x4  
  169  10:17  Roach  
  169  10:18  Roach  
  169  10:20  Roach x2  
  146  10:27  Roach x2  
  133  10:31  Greater Spire  
  122  10:45  Infestor x2  
  122  10:46  Drone x2  
  124  10:50  Ultralisk x2  
  124  10:51  Ultralisk  
  124  10:53  Drone x3  
  145  10:59  Drone x2  
  145  11:00  Drone x2  
  149  11:07  Ultralisk  
  153  11:12  Corruptor  
  155  11:19  Corruptor  
  155  11:20  Corruptor  
  158  11:26  Corruptor  
  160  11:36  Corruptor  
  160  11:39  Corruptor  
  164  11:43  Hatchery  
  164  11:45  Lurker  
  164  11:46  Lurker x4  
  167  11:48  Roach x2  
  166  11:56  Brood Lord  
  166  11:57  Brood Lord  
  166  11:59  Brood Lord  
  166  12:00  Zergling x2  
  166  12:01  Zergling x2  
  174  12:09  Drone  
  174  12:10  Drone x5  
  174  12:14  Brood Lord  
  182  12:18  Brood Lord x2  
  182  12:20  Overseer  
  186  12:25  Infestor x2  
  190  12:30  Overlord x2  
  190  12:34  Zerg Melee Weapons Level 3  
  190  12:39  Overlord, Overseer  
  190  12:47  Overlord  
  190  12:55  Zergling x2  
  190  12:56  Zergling x20  
  195  13:06  Roach x2  
  193  13:41  Mutalisk x14  
  170  13:48  Zergling x18  
  164  13:53  Zergling x12  
  164  13:54  Zergling x2  
  160  14:02  Mutalisk  
  160  14:03  Mutalisk  
  160  14:06  Mutalisk  
  164  14:19  Extractor  
  164  14:24  Extractor  
  160  14:25  Mutalisk x2  
  164  14:34  Hatchery, Mutalisk x3  
  157  14:42  Mutalisk x2  
  145  14:51  Drone x3  
Show
View Real Time Build Order
Export as new Build Order

ShoWTimE Protoss - Winner!

Build Orders: Nexus First, Phoenix Opening 

Get SALT Encoding   

  12  0:01  Probe (Chrono Boost)  
  13  0:11  Probe (Chrono Boost)  
  14  0:17  Pylon  
  14  0:22  Probe (Chrono Boost)  
  15  0:36  Probe (Chrono Boost)  
  16  0:46  Probe (Chrono Boost)  
  17  1:00  Nexus  
  17  1:11  Gateway  
  17  1:13  Probe (Chrono Boost)  
  18  1:18  Assimilator  
  18  1:24  Probe (Chrono Boost)  
  19  1:27  Assimilator  
  19  1:34  Probe (Chrono Boost)  
  20  1:40  Pylon  
  20  1:45  Probe (Chrono Boost)  
  21  1:55  Probe (Chrono Boost)  
  21  1:58  Cybernetics Core  
  22  2:06  Probe (Chrono Boost)  
  23  2:12  Probe (Chrono Boost)  
  24  2:17  Probe (Chrono Boost)  
  24  2:22  Probe (Chrono Boost)  
  26  2:26  Zealot (Chrono Boost)  
  26  2:27  Probe (Chrono Boost)  
  29  2:32  Probe (Chrono Boost)  
  29  2:35  Stargate  
  30  2:37  Probe (Chrono Boost)  
  30  2:40  Warp Gate  
  30  2:41  Probe  
  32  2:50  Probe (Chrono Boost)  
  33  2:51  Adept (Chrono Boost)  
  33  2:55  Probe (Chrono Boost)  
  36  3:01  Probe (Chrono Boost)  
  36  3:04  Pylon  
  38  3:05  Probe (Chrono Boost)  
  38  3:11  Probe (Chrono Boost)  
  39  3:15  Probe (Chrono Boost)  
  39  3:19  Phoenix (Chrono Boost)  
  42  3:22  Probe, Adept  
  42  3:25  Probe  
  46  3:27  Forge  
  46  3:34  Probe  
  46  3:35  Probe  
  50  3:41  Phoenix (Chrono Boost)  
  50  3:46  Probe x2  
  50  3:47  Pylon  
  52  3:56  Nexus  
  52  3:58  Probe  
  54  4:06  Mothership Core  
  54  4:07  Pylon, Protoss Ground Weapons Level 1 (Chrono Boost)  
  54  4:08  Probe  
  55  4:15  Phoenix (Chrono Boost)  
  58  4:19  Probe  
  59  4:25  Pylon  
  59  4:27  Probe  
  59  4:29  Probe  
  61  4:37  Phoenix (Chrono Boost)  
  61  4:39  Probe  
  61  4:40  Probe  
  61  4:41  Assimilator  
  63  4:46  Gateway, Assimilator  
  63  4:47  Gateway  
  63  4:50  Probe  
  63  4:51  Probe  
  63  4:56  Twilight Council  
  63  5:01  Probe  
  63  5:03  Probe  
  63  5:04  Pylon  
  63  5:06  Robotics Facility  
  65  5:11  Probe  
  65  5:12  Probe  
  67  5:15  Probe  
  67  5:16  Photon Cannon  
  68  5:22  Probe  
  68  5:23  Gateway  
  68  5:25  Probe  
  68  5:27  Probe  
  68  5:28  Gateway  
  71  5:31  Gateway  
  71  5:33  Resonating Glaives (Chrono Boost), Probe  
  72  5:38  Probe  
  72  5:39  Probe  
  74  5:46  Protoss Ground Weapons Level 2  
  74  5:48  Probe  
  75  5:52  Assimilator x2  
  75  5:53  Warp Prism  
  77  5:58  Sentry x2  
  77  5:59  Gateway, Probe x2  
  77  6:01  Gateway  
  77  6:02  Probe  
  84  6:10  Probe, Adept  
  86  6:12  Probe  
  88  6:20  Adept  
  88  6:21  Adept x2  
  88  6:25  Pylon  
  94  6:27  Pylon  
  94  6:38  Observer  
  95  6:42  Adept  
  95  6:43  Adept x5  
  107  6:47  Pylon  
  107  6:48  Pylon  
  107  7:01  Pylon  
  107  7:02  Adept x2, Blink (Chrono Boost)  
  107  7:03  Adept x2  
  107  7:04  Adept  
  107  7:06  Adept x3  
  123  7:11  Pylon  
  123  7:22  Adept  
  123  7:23  Adept  
  123  7:26  Stalker x5  
  123  7:27  Stalker  
  139  7:33  Pylon  
  139  7:43  Nexus  
  139  7:44  Immortal  
  139  7:45  Pylon  
  139  7:47  Protoss Ground Weapons Level 3  
  143  7:52  Pylon  
  143  7:55  Forge  
  143  8:07  Robotics Facility  
  143  8:13  Stalker x3  
  143  8:14  Stalker  
  151  8:23  Immortal  
  155  8:30  Stalker x4  
  159  8:39  Protoss Ground Armor Level 1  
  157  8:45  Stalker x4  
  157  8:47  Photon Cannon  
  163  8:51  Gateway  
  163  8:52  Pylon  
  163  9:01  Robotics Bay  
  163  9:03  Immortal  
  163  9:05  Immortal  
  163  9:09  Sentry  
  171  9:10  Sentry x3  
  175  9:19  Stalker  
  175  9:31  Stalker x3  
  175  9:42  Immortal  
  175  9:44  Immortal  
  171  9:51  Adept x2  
  171  9:52  Adept x2  
  157  10:00  Stalker x3  
  157  10:01  Stalker  
  141  10:18  Stalker x2  
  141  10:21  Immortal, Adept x3  
  135  10:24  Immortal  
  135  10:25  Probe  
  135  10:26  Probe  
  137  10:29  Adept x3  
  137  10:33  Probe  
  137  10:34  Probe  
  145  10:37  Probe x2  
  145  10:41  Protoss Ground Armor Level 2  
  145  10:43  Photon Cannon  
  145  10:44  Probe  
  145  10:48  Sentry x2  
  150  10:50  Probe  
  150  10:52  Assimilator  
  150  10:53  Mothership Core  
  150  10:56  Assimilator  
  153  11:00  Immortal, Pylon  
  157  11:06  Adept  
  157  11:07  Probe, Adept x2, Pylon  
  157  11:09  Probe  
  159  11:11  Probe  
  158  11:26  Adept x2  
  158  11:27  Adept x2  
  158  11:31  Stalker  
  168  11:38  Fleet Beacon  
  162  11:50  Adept x3  
  162  11:51  Adept x3  
  174  11:56  Zealot  
  176  12:07  Adept x2  
  178  12:15  Warp Prism  
  178  12:16  Stargate  
  178  12:18  Dark Shrine  
  178  12:19  Probe  
  181  12:25  Stargate  
  181  12:29  Tempest (Chrono Boost)  
  185  12:32  Probe  
  185  12:34  Probe x2  
  188  12:47  Pylon  
  188  13:01  Tempest (Chrono Boost)  
  189  13:07  Tempest (Chrono Boost)  
  197  13:17  Tempest (Chrono Boost)  
  197  13:19  Templar Archives  
  197  13:26  Zealot x2  
  183  13:44  Pylon x2  
  169  13:50  Anion Pulse-Crystals (Chrono Boost)  
  169  13:56  Pylon  
  169  13:58  Pylon  
  169  14:00  Stalker x5  
  179  14:05  Dark Templar x3  
  179  14:07  Phoenix (Chrono Boost)  
  179  14:08  Phoenix x2 (Chrono Boost)  
  185  14:12  Photon Cannon  
  185  14:23  High Templar x2  
  185  14:24  High Templar x2  
  189  14:27  Phoenix, Archon  
  189  14:28  Archon  
  191  14:40  Phoenix  
  187  14:47  Observer  
  187  14:48  Observer  
  187  14:49  Dark Templar  
Tags
 
Add a new tag
Caveats
  • Supply blocks, unpowered buildings, or Contaminate may cause inaccurate times.
  • Supply counts are checked every 10 seconds.